Map: Séquenceur EC

Players

zidar - Winner!

  • Race: Zerg Zerg
  • League: Gold
  • Spawn Location: 1:00

KaKolaK

  • Race: Protoss Protoss
  • League: Gold
  • Spawn Location: 7:00

VOD

Have the link to the VOD?

Description

Time

  • Played on: June 28, 2017, 12:10 p.m.
  • Length: 15:28
Show
View Real Time Build Order
Export as new Build Order

zidar Zerg - Winner!

Build Orders: Pool First, Lurkers 

Get SALT Encoding   

  12  0:02  Drone  
  13  0:12  Overlord  
  13  0:17  Drone  
  14  0:30  Drone x2  
  16  0:45  Spawning Pool  
  16  0:47  Drone  
  16  1:12  Hatchery  
  16  1:14  Drone  
  16  1:24  Drone x2  
  18  1:35  Queen  
  18  1:38  Extractor  
  19  1:43  Drone x2  
  21  2:00  Zergling x2  
  22  2:34  Zergling x8  
  26  2:38  Queen  
  26  2:41  Metabolic Boost  
  28  3:28  Overlord x7  
  28  3:37  Hatchery  
  28  3:39  Extractor  
  28  3:40  Lair  
  26  3:52  Drone x3  
  29  3:58  Drone  
  30  4:05  Drone x2  
  30  4:07  Drone  
  33  4:13  Drone  
  33  4:14  Drone  
  35  4:18  Drone  
  35  4:21  Drone  
  37  4:31  Queen  
  37  4:34  Drone  
  40  4:40  Drone x2  
  42  4:49  Hydralisk Den  
  41  4:59  Roach Warren  
  40  5:01  Drone x3  
  40  5:02  Drone  
  40  5:05  Drone  
  46  5:07  Drone  
  46  5:24  Drone x8  
  46  5:27  Extractor  
  53  5:31  Extractor  
  52  5:36  Muscular Augments  
  52  5:45  Glial Reconstitution  
  52  5:47  Evolution Chamber  
  52  5:49  Evolution Chamber  
  50  5:51  Drone x3  
  54  6:04  Drone x7  
  54  6:08  Roach x2  
  54  6:09  Roach  
  66  6:12  Roach  
  66  6:14  Roach  
  66  6:17  Roach  
  72  6:20  Roach  
  74  6:25  Zerg Missile Weapons Level 1  
  74  6:36  Hydralisk x4  
  82  6:54  Zerg Ground Armor Level 1  
  82  6:58  Lurker Den  
  82  7:04  Overlord x3  
  82  7:05  Overlord x3  
  82  7:23  Infestation Pit  
  82  7:24  Spire  
  80  7:32  Hydralisk x2  
  80  7:33  Hydralisk x4  
  80  7:34  Roach  
  94  7:39  Drone x2  
  94  7:42  Drone x6  
  102  7:59  Drone x3  
  102  8:04  Extractor  
  104  8:06  Extractor  
  103  8:13  Hive  
  103  8:20  Roach  
  103  8:21  Roach x2  
  103  8:22  Roach x4  
  103  8:23  Hydralisk x4  
  125  8:27  Overseer  
  125  8:32  Overlord x4  
  125  8:44  Zerg Missile Weapons Level 2  
  125  8:54  Zerg Ground Armor Level 2  
  125  9:16  Hatchery  
  124  9:21  Hydralisk x8  
  124  9:23  Roach x2  
  144  9:33  Pneumatized Carapace  
  144  9:38  Drone  
  144  9:39  Drone  
  146  9:55  Lurker x4  
  150  10:31  Hydralisk x5  
  160  10:41  Overlord x7  
  160  10:42  Overlord x2  
  160  10:50  Overseer x2  
  160  11:01  Hydralisk x15  
  190  11:18  Hydralisk x5  
  124  12:33  Hydralisk  
  124  12:34  Hydralisk x11  
  103  12:53  Hydralisk  
  103  12:54  Hydralisk x3  
  109  13:07  Hydralisk  
  109  13:08  Hydralisk x7  
  125  13:16  Hydralisk x4  
  125  13:17  Hydralisk x2  
  137  13:25  Hydralisk x3  
  143  13:39  Extractor  
  142  13:43  Hydralisk x11  
  164  14:00  Hydralisk x5  
  174  14:30  Hydralisk x9  
Show
View Real Time Build Order
Export as new Build Order

KaKolaK Protoss 

Build Orders: Forge Fast Expand (FFE) 

Get SALT Encoding   

  12  0:02  Probe (Chrono Boost)  
  13  0:12  Probe (Chrono Boost)  
  14  0:19  Pylon  
  14  0:23  Probe (Chrono Boost)  
  15  0:38  Probe (Chrono Boost)  
  16  0:48  Probe (Chrono Boost)  
  17  0:54  Forge  
  17  0:59  Probe (Chrono Boost)  
  18  1:12  Assimilator  
  18  1:23  Probe (Chrono Boost)  
  19  1:25  Nexus  
  19  1:35  Probe (Chrono Boost)  
  19  1:36  Assimilator  
  20  1:45  Probe (Chrono Boost)  
  21  1:52  Pylon  
  21  2:04  Probe (Chrono Boost)  
  22  2:14  Photon Cannon  
  22  2:21  Pylon  
  22  2:43  Gateway  
  22  2:44  Probe (Chrono Boost)  
  22  2:45  Probe (Chrono Boost), Photon Cannon  
  24  2:53  Photon Cannon  
  24  2:57  Probe x2 (Chrono Boost)  
  26  3:15  Probe x2 (Chrono Boost)  
  28  3:22  Pylon  
  29  3:27  Probe x2 (Chrono Boost)  
  30  3:36  Nexus  
  30  3:40  Probe x2 (Chrono Boost)  
  32  3:48  Photon Cannon  
  32  3:53  Probe x2 (Chrono Boost)  
  34  3:59  Assimilator  
  34  4:05  Probe (Chrono Boost)  
  34  4:06  Pylon  
  35  4:13  Probe (Chrono Boost)  
  35  4:15  Probe (Chrono Boost)  
  37  4:18  Assimilator  
  38  4:24  Probe (Chrono Boost)  
  38  4:26  Probe (Chrono Boost)  
  39  4:36  Probe x2 (Chrono Boost)  
  39  4:38  Cybernetics Core  
  41  4:47  Probe x2 (Chrono Boost)  
  41  4:48  Probe (Chrono Boost)  
  44  4:57  Probe (Chrono Boost)  
  45  5:00  Pylon  
  45  5:09  Probe x3 (Chrono Boost)  
  48  5:22  Stargate  
  48  5:23  Probe x3 (Chrono Boost)  
  48  5:24  Stargate  
  51  5:31  Protoss Air Weapons Level 1 (Chrono Boost)  
  51  5:33  Stalker  
  51  5:34  Assimilator  
  56  5:35  Probe x2 (Chrono Boost)  
  56  5:36  Probe (Chrono Boost)  
  56  5:46  Probe x3 (Chrono Boost)  
  59  5:55  Stargate  
  59  5:57  Probe x3 (Chrono Boost)  
  62  6:04  Pylon  
  62  6:06  Void Ray  
  62  6:08  Mothership Core (Chrono Boost)  
  68  6:24  Void Ray (Chrono Boost)  
  68  6:25  Pylon  
  72  6:40  Void Ray (Chrono Boost)  
  76  6:49  Cybernetics Core  
  76  6:51  Pylon  
  76  6:55  Void Ray (Chrono Boost)  
  80  7:09  Pylon  
  80  7:16  Pylon  
  80  7:17  Pylon  
  80  7:18  Probe  
  80  7:19  Probe  
  86  7:23  Void Ray (Chrono Boost)  
  86  7:24  Void Ray (Chrono Boost)  
  86  7:27  Protoss Air Armor Level 1  
  90  7:32  Fleet Beacon  
  90  7:35  Robotics Facility  
  90  7:45  Void Ray (Chrono Boost)  
  94  8:07  Pylon  
  94  8:10  Photon Cannon  
  94  8:11  Photon Cannon  
  94  8:14  Photon Cannon  
  94  8:16  Photon Cannon x2  
  94  8:17  Photon Cannon  
  94  8:19  Photon Cannon  
  94  8:21  Photon Cannon  
  94  8:22  Void Ray x2 (Chrono Boost), Photon Cannon x2  
  94  8:23  Protoss Air Weapons Level 2  
  102  8:27  Photon Cannon  
  102  8:28  Photon Cannon  
  102  8:30  Protoss Shields Level 1  
  102  8:46  Photon Cannon  
  102  8:47  Photon Cannon  
  102  8:49  Photon Cannon  
  102  8:51  Photon Cannon  
  102  8:55  Photon Cannon  
  102  8:57  Photon Cannon  
  102  9:00  Photon Cannon  
  102  9:02  Observer  
  103  9:06  Photon Cannon  
  103  9:18  Void Ray x3 (Chrono Boost)  
  103  9:23  Observer  
  115  9:25  Protoss Air Armor Level 2  
  115  9:58  Pylon  
  115  10:10  Nexus  
  115  10:14  Pylon  
  115  10:16  Pylon  
  115  10:21  Pylon  
  115  10:24  Pylon  
  115  10:25  Void Ray x3 (Chrono Boost)  
  115  10:27  Pylon  
  127  10:32  Observer  
  128  10:43  Protoss Air Weapons Level 3  
  128  10:56  Photon Cannon  
  128  10:57  Twilight Council  
  128  10:58  Photon Cannon  
  128  10:59  Photon Cannon  
  128  11:00  Pylon  
  128  11:01  Photon Cannon  
  128  11:02  Photon Cannon  
  128  11:05  Photon Cannon  
  128  11:07  Photon Cannon  
  128  11:08  Photon Cannon  
  128  11:10  Photon Cannon  
  128  11:11  Photon Cannon  
  128  11:18  Photon Cannon  
  128  11:19  Photon Cannon  
  128  11:21  Photon Cannon  
  128  11:22  Photon Cannon  
  128  11:23  Photon Cannon  
  128  11:25  Photon Cannon  
  128  11:32  Assimilator  
  128  11:37  Protoss Shields Level 2  
  128  11:46  Assimilator  
  128  12:24  Photon Cannon  
  128  12:25  Photon Cannon  
  128  12:26  Photon Cannon  
  128  12:28  Void Ray x2 (Chrono Boost), Photon Cannon  
  128  12:29  Void Ray (Chrono Boost), Photon Cannon  
  138  12:31  Photon Cannon  
  118  13:05  Void Ray (Chrono Boost)  
  118  13:06  Void Ray (Chrono Boost)  
  118  13:15  Void Ray (Chrono Boost)  
  118  13:17  Mothership Core  
  124  13:25  Nexus  
  124  13:28  Assimilator  
  124  13:31  Observer  
  124  13:32  Assimilator  
  125  13:36  Pylon  
  125  13:38  Pylon  
  125  13:40  Pylon  
  125  13:43  Void Ray (Chrono Boost)  
  125  13:45  Stargate  
  129  13:55  Photon Cannon  
  129  13:57  Photon Cannon  
  129  13:59  Photon Cannon  
  129  14:03  Photon Cannon  
  129  14:05  Photon Cannon  
  129  14:07  Photon Cannon  
  129  14:34  Void Ray (Chrono Boost)  
Tags
 
Add a new tag
Caveats
  • Supply blocks, unpowered buildings, or Contaminate may cause inaccurate times.
  • Supply counts are checked every 10 seconds.